 Dungeon Crawl Stone Soup version 0.19.5 (webtiles) character file.

5167 vatarom the Zephyrmancer (level 10, -7/64 HPs)
             Began as a Tengu Air Elementalist on Mar 12, 2017.
             Was a Believer of Vehumet.
             Mangled by a hill giant
             ... wielding a +0 giant club
              (28 damage)
             ... on level 10 of the Dungeon.
             The game lasted 00:28:27 (12260 turns).

vatarom the Zephyrmancer (Tengu Air Elementalist)  Turns: 12260, Time: 00:28:28

Health: -7/64      AC:  8    Str:  8 (9)  XL:     10   Next: 59%
Magic:  0/23       EV: 14    Int: 21      God:    Vehumet [**....]
Gold:   441        SH:  0    Dex: 15      Spells: 6 memorised, 10 levels left

rFire  + . .     SeeInvis .     r - +3 falchion (slice)
rCold  . . .     Gourm    .     q - +3 leather armour {rF+}
rNeg   . . .     Faith    +     (no shield)
rPois  .         Spirit   .     (helmet restricted)
rElec  .         Reflect  .     s - +0 cloak
rCorr  .         Harm     .     f - +0 pair of gloves
MR     .....     Clarity  +     (boots unavailable)
Stlth  ++........               A - amulet of faith
                                x - +3 ring of intelligence
                                h - +2 ring of evasion

@: repel missiles
A: beak, talons 3, clarity, deterioration 1, able to fly 1, sturdy frame 1
a: Fly, Renounce Religion


You were on level 10 of the Dungeon.
You worshipped Vehumet.
Vehumet was pleased with you.
You were not hungry.

You visited 2 branches of the dungeon, and saw 11 of its levels.

You collected 441 gold pieces.

Inventory:

Hand Weapons
 r - a +3 falchion of slicing (weapon)
Missiles
 e - 6 javelins (quivered)
Armour
 a - a +0 robe
 f - a +0 pair of gloves (worn)
 q - a +3 leather armour of fire resistance (worn)
 s - a +0 cloak (worn)
Jewellery
 d - an uncursed amulet of the gourmand
 h - a +2 ring of evasion (left hand)
 m - an uncursed ring of stealth
 w - an uncursed ring of fire
 x - a +3 ring of intelligence (right hand)
 A - an amulet of faith (around neck)
Wands
 o - a wand of paralysis (17/24)
Scrolls
 g - 5 scrolls of identify
 l - 4 scrolls of remove curse
 u - 3 scrolls of amnesia
 y - 3 scrolls of magic mapping
 z - a scroll of teleportation
Potions
 k - a potion of might
 n - 2 potions of flight
 v - 3 potions of brilliance
Books
 b - a book of Air

   Spells                             Type                      Level
   a - Shock                          Conjuration/Air              1
   b - Swiftness                      Charms/Air                   2
   c - Repel Missiles                 Charms/Air                   2
   d - Static Discharge               Conjuration/Air              3
   e - Lightning Bolt                 Conjuration/Air              5
Comestibles
 c - 3 bread rations
 i - 2 fruits
 j - 4 meat rations
 p - a slice of pizza
 t - 3 beef jerkies


   Skills:
 - Level 8.0 Fighting
 - Level 2.1 Dodging
 - Level 2.0 Stealth
 * Level 8.6 Spellcasting
 - Level 7.2 Conjurations
 - Level 10.7 Air Magic


You had 10 spell levels left.
You knew the following spells:

 Your Spells              Type           Power        Failure   Level  Hunger
a - Shock                 Conj/Air       ####         1%          1    None
b - Repel Missiles        Chrm/Air       ####..       1%          2    None
c - Swiftness             Chrm/Air       ####....     1%          2    None
d - Static Discharge      Conj/Air       #####...     1%          3    None
e - Lightning Bolt        Conj/Air       #####.....   8%          5    #####..
f - Mephitic Cloud        Conj/Pois/Air  ####....     1%          3    None


Dungeon Overview and Level Annotations

Branches:
Dungeon (10/15)            Temple (1/1) D:5            Lair (0/6) D:9
    Orc: D:9-12

Altars:
Ashenzari
Cheibriados
Dithmenos
Elyvilon
Fedhas
Gozag
Hepliaklqana
Kikubaaqudgha
Makhleb
Nemelex Xobeh
Okawaru
Qazlal
Ru
Sif Muna
Trog
Uskayaw
Vehumet
Xom
Yredelemnul
Zin
The Shining One

Shops:
D:5 (

Annotations:
D:3 Scuka's ghost, amateur DECj; Sigmund
D:4 1 runed door
D:7 1 exclusion


Innate Abilities, Weirdness & Mutations

You have a beak for a mouth.
You have claws for feet.
You can fly.
You possess an exceptional clarity of mind.
Your body sometimes deteriorates upon taking damage.
Your movements are slightly less encumbered by armour. (ER -2)


Message History

The hill giant is severely wounded.
The hill giant seems less confused.
The hill giant hits you with a giant club!!!
Ouch! That really hurt!
Your body deteriorates!
You feel weakened.
You are too injured to fight recklessly!
Okay, then.
Casting: Shock
Confirm with . or Enter, or press ? or * to list all spells.
Aiming: Shock
Press: ? - help, Shift-Dir - straight line, f/p - hill giant
Aim: a hill giant, wielding a giant club (severely wounded)
The zap hits the hill giant.
The hill giant is severely wounded.
The hill giant hits you with a giant club.
Unknown command.
You hit the hill giant.
The hill giant is severely wounded.
The hill giant hits you with a giant club!!
You die...

###.#.. .# ....#'######
#### ..#
...........###..#####..####
.......................)...
.............######'##.....
.C..[........#.......# ###
...))........#.......#
.............#.C.....# .#
.............#..@(...#..#
####...#####.##+######..+
...#...#...#............#
...#..>#...#............#
...#.###...######.......#
...###..........#.......#
................#........
.######.........#........
.# #.........#........


You could see a hill giant.

Vanquished Creatures
  A hill giant (D:10)
  The ghost of vatarom the Zephyrmancer, a novice TeAE of Vehumet (D:4)
  The ghost of Scuka the Destroyer, a novice DECj of Vehumet (D:6)
  A troll (D:9)
  A two-headed ogre (D:10)
  A hippogriff (D:10)
  Eustachio (D:4)
  A hungry ghost (D:7)
  An ice beast (D:9)
  A black bear (D:7)
  A phantom (D:8)
  A necrophage (D:9)
  An eye of draining (D:10)
  5 centaurs
  An ogre (D:8)
  4 bullfrogs
  2 big kobolds
  3 scorpions
  5 killer bees
  A howler monkey (D:5)
  11 crimson imps
  2 jellies
  3 centaur skeletons
  5 orc priests
  3 hounds
  10 orc wizards
  2 bullfrog skeletons
  A hell rat (D:6)
  5 worker ants
  2 hound zombies
  Robin (D:2)
  12 gnolls
  5 adders
  7 river rats (D:6)
  2 shadow imps
  An ooze (D:2)
  An adder skeleton (D:7)
  2 worms
  3 dart slugs
  7 leopard geckos
  28 orcs
  2 ball pythons
  6 giant cockroaches
  23 goblins
  12 hobgoblins
  6 jackals
  5 quokkas
  5 bats
  3 frilled lizards
  14 kobolds
  31 rats
  A rat zombie (D:6)
255 creatures vanquished.

Notes
Turn   | Place    | Note
-------+----------+-------------------------------------------
     0 | D:1      | vatarom the Tengu Air Elementalist began the quest for the Orb.
     0 | D:1      | Reached XP level 1. HP: 10/10 MP: 4/4
    73 | D:1      | Reached XP level 2. HP: 4/15 MP: 0/6
   279 | D:1      | Learned a level 2 spell: Repel Missiles
   282 | D:1      | Learned a level 2 spell: Swiftness
   373 | D:1      | Reached skill level 5 in Air Magic
   644 | D:1      | Reached XP level 3. HP: 18/19 MP: 7/7
  1139 | D:2      | Reached skill level 6 in Air Magic
  1143 | D:2      | Noticed Robin
  1342 | D:2      | Reached XP level 4. HP: 24/24 MP: 2/8
  1344 | D:2      | Killed Robin
  2067 | D:2      | Reached skill level 7 in Air Magic
  2113 | D:2      | Gained mutation: You can fly. [Tengu growth]
  2113 | D:2      | Reached XP level 5. HP: 17/28 MP: 0/9
  2132 | D:2      | Learned a level 3 spell: Static Discharge
  2725 | D:3      | Noticed Sigmund
  2958 | D:3      | Found an opulent altar of Gozag.
  3346 | D:3      | Noticed Scuka's ghost (amateur DECj)
  3663 | D:4      | HP: 1/28 [orc wizard/magic dart (5)]
  3665 | D:4      | Reached XP level 6. HP: 1/32 MP: 2/12
  3791 | D:4      | Noticed vatarom's ghost (novice TeAE)
  4379 | D:4      | Learned a level 5 spell: Lightning Bolt
  4426 | D:4      | Noticed Eustachio
  4663 | D:4      | Killed Eustachio
  4663 | D:4      | Reached XP level 7. HP: 33/36 MP: 6/14
  4746 | D:4      | Noticed a dagger
  4746 | D:4      | Noticed a dagger
  4750 | D:4      | Found a hide-covered altar of Uskayaw.
  4810 | D:4      | Killed vatarom's ghost
  4973 | D:4      | Found a shimmering altar of Xom.
  5003 | D:4      | Reached skill level 1 in Fighting
  5059 | D:4      | Reached XP level 8. HP: 44/44 MP: 11/15
  5296 | D:4      | Found a runed door.
  5425 | D:5      | Entered Level 5 of the Dungeon
  5804 | D:5      | Found Suofonu's Antique Weapon Shop.
  5861 | D:5      | Found a staircase to the Ecumenical Temple.
  5890 | D:5      | You fall through a shaft for 2 floors!
  6497 | D:7      | Reached skill level 5 in Fighting
  7213 | D:6      | Noticed Scuka's ghost (novice DECj)
  7225 | D:6      | Killed Scuka's ghost
  7225 | D:6      | Reached XP level 9. HP: 39/58 MP: 1/16
  7592 | Temple   | Entered the Ecumenical Temple
  7626 | Temple   | Became a worshipper of Vehumet
  7861 | D:5      | Found a bloodstained altar of Trog.
  8448 | D:6      | Found a glowing silver altar of Zin.
  8489 | D:6      | Found an ancient bone altar of Kikubaaqudgha.
  8505 | D:6      | Found a shattered altar of Ashenzari.
  8542 | D:6      | Reached skill level 8 in Air Magic
  8772 | D:6      | Found a blossoming altar of Fedhas.
  8922 | D:7      | Reached skill level 9 in Air Magic
  9088 | D:7      | Found a glowing golden altar of the Shining One.
  9799 | D:8      | Reached skill level 5 in Spellcasting
  9872 | D:8      | Reached * piety under Vehumet
  9872 | D:8      | Offered knowledge of Magic Dart by Vehumet.
 10312 | D:9      | Reached skill level 10 in Air Magic
 10606 | D:9      | Reached XP level 10. HP: 61/64 MP: 20/20
 10632 | D:9      | Gained mutation: Your movements are slightly less encumbered by armour. (ER -2) [potion of mutation]
 10632 | D:9      | Gained mutation: You possess an exceptional clarity of mind. [potion of mutation]
 10632 | D:9      | Gained mutation: Your body sometimes deteriorates upon taking damage. [potion of mutation]
 10691 | D:9      | Reached ** piety under Vehumet
 10884 | D:9      | Offered knowledge of Sting by Vehumet.
 10929 | D:9      | Found a staircase to the Lair.
 10957 | D:9      | HP: 1/64 [/static electricity (3)]
 11519 | D:10     | Entered Level 10 of the Dungeon
 11922 | D:10     | Offered knowledge of Mephitic Cloud by Vehumet.
 11931 | D:10     | Learned a level 3 spell: Mephitic Cloud
 11934 | D:10     | Noticed a hill giant
 11967 | D:10     | Noticed a hill giant
 11973 | D:10     | Killed a hill giant
 12260 | D:10     | Mangled by a hill giant

Skill      XL: |  1  2  3  4  5  6  7  8  9 10 |
---------------+-------------------------------+-----
Air Magic      | 5 6 7 10 | 10.7
Spellcasting   | 3 4 6 8 |  8.6
Conjurations   | 4 7 |  7.2
Fighting       | 2 7 8 |  8.0
Dodging        | |  2.1
Stealth        | |  2.0

Action                   |  1- 3 |  4- 6 |  7- 9 | 10-12 || total
-------------------------+-------+-------+-------+-------++-------
Melee: Club              |     8 |       |       |       ||     8
       Kick              |    10 |     9 |    25 |    35 ||    79
       Peck              |     4 |     5 |    16 |    17 ||    42
       Unarmed           |     1 |       |       |       ||     1
       Short sword       |    18 |    37 |       |       ||    55
       Spear             |       |    27 |       |       ||    27
       Falchion          |       |       |    93 |    88 ||   181
 Cast: Shock             |    51 |   106 |   116 |    47 ||   320
       Repel Missiles    |     1 |       |     2 |       ||     3
       Swiftness         |       |     1 |       |       ||     1
       Static Discharge  |       |     7 |    53 |    12 ||    72
       Lightning Bolt    |       |       |       |     9 ||     9
       Mephitic Cloud    |       |       |       |     4 ||     4
  Use: Scroll            |     3 |     1 |    10 |       ||    14
       Potion            |     2 |     4 |     5 |     1 ||    12
 Stab: Sleeping          |       |     2 |     5 |     1 ||     8
       Distracted        |       |       |     2 |       ||     2
  Eat: Chunk             |    15 |     9 |    23 |       ||    47
       Bread ration      |       |       |       |     1 ||     1
Armor: Robe              |     5 |    13 |       |       ||    18
       Leather armour    |       |       |    74 |    35 ||   109
Dodge: Dodged            |    48 |    63 |   167 |    86 ||   364
       Deflected         |       |     1 |     7 |     2 ||    10
       Rpst.: Falchion   |       |       |    48 |    26 ||    74
